 Dungeon Crawl Stone Soup version 0.22.0-6-g71bd7aa6b3 (webtiles) character file.

11093 Htamos the Thrower (level 11, -1/107 HPs)
             Began as a Troll Fighter on Aug 16, 2018.
             Was an Elder of Cheibriados.
             Slain by a basilisk (5 damage)
             ... on level 2 of the Lair of Beasts.
             The game lasted 00:14:19 (10266 turns).

Htamos the Thrower (Troll Fighter)                 Turns: 10266, Time: 00:14:19

Health: -1/107     AC:  6    Str: 47    XL:     11   Next: 44%
Magic:  10/10      EV:  1    Int: 13    God:    Cheibriados [****..]
Gold:   405        SH:  0    Dex: 18    Spells: 10/10 levels left

rFire    . . .     SeeInvis .     - Unarmed
rCold    . . .     Gourm    +   M - +0 large shield
rNeg     + + +     Faith    .   r - +0 robe of Infinity {*Corrode +Blink Str+4 Slay+2}
rPois    ∞         Spirit   .   (helmet restricted)
rElec    .         Reflect  .   v - +0 cloak
rCorr    .         Harm     .   (gloves unavailable)
MR       .....                  (boots unavailable)
Stlth    ++........             (no amulet)
HPRegen  0.67/turn              (no ring)
MPRegen  0.12/turn              (no ring)

@: mighty, petrified, very slow
A: large, unfitting armour, claws 3, fast metabolism 3, gourmand, regeneration
1, shaggy fur 1, tough skin 2
a: Bend Time, Temporal Distortion, Slouch, Renounce Religion, Evoke Blink


You were on level 2 of the Lair of Beasts.
You worshipped Cheibriados.
Cheibriados was greatly pleased with you.
You were full.

You visited 3 branches of the dungeon, and saw 12 of its levels.

You collected 405 gold pieces.

Inventory:

Hand Weapons
 C - the +10 war axe "Nurijekar" {holy, SInv, unknown}
   (You found it on level 5 of the Dungeon)

   It has been blessed by the Shining One to cause great damage to the undead
   and demons.
   It lets you see invisible.
Missiles
 e - 307 stones (quivered)
 f - 81 sling bullets
 h - 35 poisoned needles
 w - 8 needles of confusion
 y - a throwing net
 J - 11 tomahawks
 P - 8 curare-tipped needles
Armour
 a - a +0 robe
 b - a +0 shield
 r - the +0 robe of Infinity (worn) {*Corrode +Blink Str+4 Slay+2}
   (You found it on level 7 of the Dungeon)

   It affects your strength (+4).
   It affects your accuracy and damage with ranged weapons and melee attacks
   (+2).
   It lets you blink.
   It may corrode you when you take damage.
 v - a +0 cloak (worn)
 M - a +0 large shield (worn)
Jewellery
 A - an uncursed ring of resist corrosion {unknown}
 H - a +2 ring of intelligence {unknown}
Wands
 L - a wand of polymorph (16)
 Q - a wand of acid (5)
 R - a wand of flame (11)
 S - a wand of iceblast (9)
 T - a wand of enslavement (16)
Scrolls
 k - 2 scrolls of random uselessness {unknown}
 l - 4 scrolls of magic mapping {unknown}
 n - 2 scrolls of fear {unknown}
 o - a scroll of amnesia {unknown}
 p - 6 scrolls of teleportation {unknown}
 s - 6 scrolls of remove curse {unknown}
 u - 10 scrolls of identify {unknown}
 x - 2 scrolls of fog {unknown}
 z - 3 scrolls of noise {unknown}
 B - a scroll of vulnerability {unknown}
 D - 3 scrolls of immolation {unknown}
 E - 3 scrolls of blinking {unknown}
 F - a scroll of enchant weapon {unknown}
 G - a scroll of enchant armour {unknown}
Potions
 c - 4 potions of might
 g - a potion of degeneration {unknown}
 i - 2 potions of heal wounds {unknown}
 j - 5 potions of berserk rage {unknown}
 m - 3 potions of agility {unknown}
 q - 2 potions of haste {unknown}
 t - 2 potions of mutation {unknown}
 I - a potion of magic {unknown}
 K - a potion of curing {unknown}
 N - a potion of lignification {unknown}
 O - 2 potions of ambrosia {unknown}
Comestibles
 d - 24 rations


   Skills:
 + Level 6.7 Fighting
 * Level 9.7 Throwing
 + Level 6.8 Dodging
 + Level 6.7 Shields
 + Level 7.7 Unarmed Combat


You had 10 spell levels left.
You didn't know any spells.
Your spell library contained the following spells:

 Spells                   Type           Power        Failure   Level  Hunger
 Cause Fear               Hex            #.........   100%        4    #####..
 Apportation              Tloc           #.....       88%         1    ##.....
 Slow                     Hex            #.......     95%         2    ###....
 Mephitic Cloud           Conj/Pois/Air  #.......     99%         3    ####...
 Venom Bolt               Conj/Pois      #.........   100%        5    ######.
 Olgreb's Toxic Radiance  Pois           #.......     100%        4    #####..
 Summon Small Mammal      Summ           #...         88%         1    ##.....
 Animate Skeleton         Necr           N/A          88%         1    ##.....
 Sting                    Conj/Pois      #...         88%         1    ##.....
 Confusing Touch          Hex            #.....       88%         1    ##.....
 Corona                   Hex            #......      88%         1    ##.....
 Portal Projectile        Hex/Tloc       #.....       99%         3    ####...
 Leda's Liquefaction      Hex/Erth       #.........   100%        4    #####..
 Inner Flame              Hex/Fire       #.......     99%         3    ####...
 Poisonous Vapours        Pois/Air       #.....       95%         2    ###....


Dungeon Overview and Level Annotations

Branches:
Dungeon (9/15)             Temple (1/1) D:4            Lair (2/6) D:8
  Swamp: Lair:2-4    Shoals: Lair:2-4     Snake: Lair:2-4    Spider: Lair:2-4
    Orc: D:9-12

Altars:
Ashenzari
Cheibriados
Dithmenos
Elyvilon
Fedhas
Gozag
Hepliaklqana
Kikubaaqudgha
Makhleb
Nemelex Xobeh
Okawaru
Qazlal
Sif Muna
Trog
Uskayaw
Vehumet
Wu Jian
Xom
Yredelemnul
Zin
The Shining One

Shops:
D:5 !   D:6 ?

Annotations:
D:5 4 runed doors
Lair:1 exclusion: hydra
Lair:2 exclusion: hydra


Innate Abilities, Weirdness & Mutations

You are too large for most types of armour.
You have claws for hands.
Your metabolism is lightning-fast.
You like to eat raw meat.
Your natural rate of healing is unusually fast.
You are covered in fur. (AC +1)
You have very tough skin. (AC +2)


Message History

The basilisk is moderately wounded.
The basilisk gazes at you. You resist with some effort.
The basilisk closely misses you.
You have turned to stone.
The basilisk bites you!
* * * LOW HITPOINT WARNING * * *
The basilisk bites you!
* * * LOW HITPOINT WARNING * * *
The basilisk bites you.
* * * LOW HITPOINT WARNING * * *
The basilisk bites you but does no damage.
The basilisk bites you!
* * * LOW HITPOINT WARNING * * *
The basilisk bites you.
* * * LOW HITPOINT WARNING * * *
The basilisk bites you.
* * * LOW HITPOINT WARNING * * *
The basilisk barely misses you. The basilisk bites you!
You die...

.......................
......................#
....................P.##
.......................#
........................
........................
........................
....................#...
............>...@:......
................l.....#.
........................
........................
........................
........................
........................
........................
........


You could see a basilisk.

Vanquished Creatures
  Harold (D:7)
  An ugly thing (D:8)
  4 spiny frogs (Lair:1)
  A komodo dragon (Lair:1)
  Prince Ribbit (D:6)
  4 blink frogs (Lair:1)
  Grinder (D:5)
  3 hippogriffs
  Sigmund (D:5)
  11 yaks
  7 humans (D:8)
  A hungry ghost (D:7)
  Edmund (D:6)
  2 porcupines
  An eye of draining (D:8)
  An ice beast (D:6)
  An orc warrior (D:8)
  A sky beast (D:5)
  3 necrophages
  2 ogres
  4 wolves (Lair:1)
  2 crocodiles
  A centaur (D:8)
  Blork the orc (D:4)
  5 bullfrogs
  6 scorpions
  A wyvern skeleton (D:8)
  3 killer bees
  2 howler monkeys (D:7)
  5 crimson imps
  A bullfrog zombie (D:5)
  A jelly (D:5)
  A centaur zombie (D:6)
  4 hounds
  7 orc priests
  A bullfrog skeleton (D:4)
  Crazy Yiuf (D:3)
  12 orc wizards
  6 iguanas
  6 worker ants
  A worker ant zombie (D:7)
  7 adders
  A shadow imp (D:8)
  An ooze (D:2)
  5 worms
  2 adder skeletons (D:4)
  An adder zombie (D:7)
  A dart slug (D:1)
  2 leopard geckos
  24 orcs
  6 giant cockroaches
  7 goblins
  9 hobgoblins
  19 jackals
  A quokka (D:2)
  A ball python (D:1)
  8 bats
  6 frilled lizards
  A jackal zombie (D:7)
  10 kobolds
  2 leopard gecko skeletons
  A quokka skeleton (D:8)
  A quokka zombie (D:8)
  4 rats
239 creatures vanquished.

Vanquished Creatures (others)
  A jackal (D:8)
  6 fungi
  5 plants
12 creatures vanquished.

Grand Total: 251 creatures vanquished

Notes
Turn   | Place    | Note
-------+----------+-------------------------------------------
     0 | D:1      | Htamos the Troll Fighter began the quest for the Orb.
     0 | D:1      | Reached XP level 1. HP: 22/22 MP: 0/0
    88 | D:1      | Reached XP level 2. HP: 27/29 MP: 1/1
   608 | D:1      | Reached skill level 1 in Throwing
   618 | D:1      | Reached XP level 3. HP: 36/36 MP: 2/2
  1545 | D:2      | Reached XP level 4. HP: 44/44 MP: 3/3
  2098 | D:3      | Reached skill level 2 in Throwing
  2259 | D:3      | Found an opulent altar of Gozag.
  2262 | D:3      | Found a shadowy altar of Dithmenos.
  2265 | D:3      | Found a deep blue altar of Sif Muna.
  2460 | D:3      | Found a runed door.
  2639 | D:3      | You fall through a shaft!
  2643 | D:4      | Reached XP level 5. HP: 48/53 MP: 4/4
  2678 | D:4      | Found a staircase to the Ecumenical Temple.
  2696 | Temple   | Entered the Ecumenical Temple
  3036 | D:4      | Noticed Blork the orc
  3048 | D:4      | Killed Blork the orc
  3048 | D:4      | Reached skill level 3 in Throwing
  3048 | D:4      | Reached XP level 6. HP: 38/61 MP: 5/5
  3278 | D:3      | Found a sparkling altar of Nemelex Xobeh.
  3368 | D:3      | Noticed Crazy Yiuf
  3372 | D:3      | Killed Crazy Yiuf
  3593 | D:4      | Found a basalt altar of Yredelemnul.
  3648 | D:4      | Found a white marble altar of Elyvilon.
  3809 | D:5      | Entered Level 5 of the Dungeon
  3820 | D:5      | Noticed Grinder
  3820 | D:5      | Paralysed by Grinder for 4 turns
  3830 | D:5      | Killed Grinder
  3830 | D:5      | Reached XP level 7. HP: 53/67 MP: 6/6
  4052 | D:5      | Reached skill level 4 in Throwing
  4083 | D:5      | Found Kotzemi's Distillery.
  4178 | D:5      | Got a twisted war axe
  4190 | D:5      | Found a large runed door.
  4190 | D:5      | Found a large runed door.
  4359 | D:5      | Found a large runed door.
  4359 | D:5      | Found a large runed door.
  4362 | D:5      | Reached XP level 8. HP: 75/78 MP: 7/7
  4639 | D:5      | Reached skill level 5 in Throwing
  4802 | D:5      | Noticed Sigmund
  4813 | D:5      | Killed Sigmund
  5079 | D:6      | Found Ruodghat's Magic Scroll Shop.
  5175 | D:6      | Found a blossoming altar of Fedhas.
  5599 | D:6      | Noticed Prince Ribbit
  5612 | D:6      | Killed Prince Ribbit
  5612 | D:6      | Reached skill level 6 in Throwing
  5612 | D:6      | Reached skill level 5 in Unarmed Combat
  5649 | D:6      | Reached XP level 9. HP: 59/85 MP: 8/8
  5808 | D:6      | Noticed Edmund
  5814 | D:6      | Killed Edmund
  6026 | D:6      | Found a snail-covered altar of Cheibriados.
  6026 | D:6      | Found a glowing golden altar of the Shining One.
  6027 | D:6      | Found a bloodstained altar of Trog.
  6041 | D:6      | Became a worshipper of Cheibriados the Contemplative
  6569 | D:7      | Reached skill level 5 in Dodging
  6570 | D:7      | Noticed Harold
  6591 | D:7      | Killed Harold
  6591 | D:7      | Reached skill level 5 in Fighting
  6591 | D:7      | Reached skill level 7 in Throwing
  6591 | D:7      | Reached skill level 5 in Shields
  6680 | D:7      | Reached * piety under Cheibriados
  6883 | D:7      | Got a fine robe
  6894 | D:7      | Identified the +0 robe of Infinity {*Corrode +Blink Str+4 Slay+2} (You found it on level 7 of the Dungeon)
  7371 | D:7      | Found a stormy altar of Qazlal.
  7607 | D:8      | Reached ** piety under Cheibriados
  7607 | D:8      | Reached XP level 10. HP: 91/96 MP: 9/9
  7732 | D:8      | Found a runed door.
  7754 | D:8      | Noticed a red ugly thing
  7855 | D:8      | Killed a red ugly thing
  8021 | D:8      | Found an ornate altar of the Wu Jian Council.
  8026 | D:8      | Reached skill level 8 in Throwing
  8170 | D:8      | Found a runed door.
  8257 | D:8      | Found a staircase to the Lair.
  8639 | D:8      | Reached *** piety under Cheibriados
  8785 | D:8      | Found a runed door.
  8981 | D:8      | Found a runed door.
  9010 | D:9      | Noticed a two-headed ogre
  9081 | Lair:1   | Entered Level 1 of the Lair of Beasts
  9085 | Lair:1   | Reached skill level 9 in Throwing
  9139 | Lair:1   | Noticed a spiny frog
  9152 | Lair:1   | Killed a spiny frog
  9152 | Lair:1   | Reached XP level 11. HP: 94/105 MP: 10/10
  9546 | Lair:1   | Reached **** piety under Cheibriados
  9848 | Lair:1   | Noticed an eight-headed hydra
 10004 | Lair:2   | Noticed an eight-headed hydra
 10263 | Lair:2   | HP: 5/107 [basilisk (2)]
 10266 | Lair:2   | Slain by a basilisk

Skill      XL: |  1  2  3  4  5  6  7  8  9 10 |
---------------+-------------------------------+-----
Throwing       | 1 2 3 4 6 7 9 |  9.7
Dodging        | 3 4 5 6 |  6.8
Fighting       | 3 4 5 6 |  6.7
Unarmed Combat | 3 4 5 6 7 |  7.7
Shields        | 3 4 5 6 |  6.7

Action                   |  1- 3 |  4- 6 |  7- 9 | 10-12 || total
-------------------------+-------+-------+-------+-------++-------
Melee: Unarmed           |   123 |   133 |   312 |   257 ||   825
Throw: Stone             |       |     3 |    53 |    12 ||    68
 Abil: Evoke Blink       |       |       |       |     1 ||     1
Evoke: Wand              |       |     2 |    19 |       ||    21
  Use: Potion            |       |       |       |     2 ||     2
 Stab: Sleeping          |       |     1 |       |     1 ||     2
       Paralysed         |       |       |    12 |       ||    12
  Eat: Chunk             |    20 |    16 |    46 |    12 ||    94
Armor: Robe              |    45 |    27 |    52 |    24 ||   148
Dodge: Dodged            |    42 |    36 |    57 |    40 ||   175
Block: Shield            |    59 |    33 |    97 |       ||   189
       Large shield      |       |       |    14 |   182 ||   196
